 Dungeon Crawl Stone Soup version 0.21-a0-110-g8e1637b (webtiles) character file.

1612 Ordine the Basher (level 8, 0/46 HPs)
             Began as a Gargoyle Fighter on July 8, 2017.
             Slain by a yak (2 damage)
             ... on level 6 of the Dungeon.
             The game lasted 00:11:42 (3720 turns).

Ordine the Basher (Gargoyle Fighter)                Turns: 3720, Time: 00:11:43

Health: 0/46       AC: 19    Str: 23    XL:     8   Next: 95%
Magic:  8/8        EV:  5    Int:  6    God:
Gold:   227        SH: 12    Dex: 11    Spells: 7/7 levels left

rFire    . . .     SeeInvis .   t - +2 flail (pain)
rCold    . . .     Gourm    .   c - +1 shield
rNeg     + . .     Faith    .   h - +0 plate armour
rPois    ∞         Spirit   .   (no helmet)
rElec    +         Reflect  .   o - +2 cloak {+Inv}
rCorr    .         Harm     .   (no gloves)
MR       .....                  (no boots)
Stlth    ..........             (no amulet)
HPRegen  0.15/turn              (no ring)
MPRegen  0.11/turn              (no ring)

@: no status effects
A: dopey 1, negative energy resistance 1, electricity resistance, strong 1,
unbreathing, petrification resistance, rot immunity, AC +5
a: Evoke Invisibility


You were on level 6 of the Dungeon.
You were very hungry.

You visited 1 branch of the dungeon, and saw 6 of its levels.

You collected 227 gold pieces.

Inventory:

Hand Weapons
 t - a +2 flail of pain (weapon)
Armour
 c - a +1 shield (worn)
 h - a +0 plate armour (worn)
 o - a +2 cloak of invisibility (worn)
Wands
 s - a wand of digging (21/24)
Scrolls
 b - a scroll of magic mapping
 e - 3 scrolls of teleportation
 k - 2 scrolls of fog
 m - a scroll of blinking
 q - a scroll of amnesia
 r - 4 scrolls of remove curse
Potions
 d - a potion of might
 j - a potion of invisibility
 p - a potion of magic
Comestibles
 a - 2 fruits
 f - 4 bread rations
 g - 3 royal jellies
 i - 2 meat rations


   Skills:
 - Level 3.2 Fighting
 * Level 9.2 Maces & Flails
 - Level 3.2 Armour
 + Level 7.6 Shields


You had 7 spell levels left.
You didn't know any spells.

Dungeon Overview and Level Annotations

Branches:
Dungeon (6/15)
 Temple: D:4-7

Altars:
Dithmenos
Hepliaklqana
Vehumet
Wu Jian


Innate Abilities, Weirdness & Mutations

You are resistant to torment.
Your stone body is resilient. (AC +5)
You are immune to poison.
You resist negative energy. (rN+)
You are resistant to electric shocks. (rElec)
You can survive without breathing.
You are immune to petrification.
You are immune to rotting.
You are dopey. (Int -2)
Your muscles are strong. (Str +2)


Message History

You hit the yak but do no damage.
The yak is heavily wounded.
You block the yak's attack.
You sock the yak!
The yak is severely wounded.
The yak gores you.
* * * LOW HITPOINT WARNING * * *
You hit the yak.
The yak is almost dead.
You block the yak's attack.
You feel better. The yak gores you!
* * * LOW HITPOINT WARNING * * *
Your shield and plate armour prevent you from hitting the yak.
The yak is almost dead.
The yak gores you.
* * * LOW HITPOINT WARNING * * *
Your plate armour prevents you from hitting the yak.
The yak is almost dead.
The yak gores you.
You die...

#.......#.. #.#####.#.#
#.# #.....# ### #.#
#.#.#.# ##..%##### #.#
#.#.#..
..Y......###.##.###.#####
#..Y........##.>....# #
#######Y##########.###8.
#@# #..##.. #.# #..#>..
#.# #.###.. ##.# #.###8.
##..# #.## ## ##..##
#..##
####...###########...###
+.......................
####...###########...###


You could see a yak.

Vanquished Creatures
  4 yaks (D:6)
  Edmund (D:5)
  An orc warrior (D:5)
  A phantom (D:5)
  An ogre (D:5)
  Blork the orc (D:5)
  A scorpion (D:4)
  A howler monkey (D:4)
  A jelly (D:6)
  2 hounds
  An orc priest (D:5)
  Crazy Yiuf (D:3)
  2 iguanas
  3 worker ants (D:4)
  Ijyb (D:5)
  A statue (D:4)
  A worker ant zombie (D:5)
  A gnoll (D:4)
  8 adders
  3 shadow imps
  An ooze (D:3)
  2 worms
  2 dart slugs
  6 leopard geckos
  11 orcs
  7 bats
  5 giant cockroaches
  3 goblins
  2 hobgoblins
  2 jackals (D:1)
  A quokka (D:4)
  A ball python (D:2)
  6 frilled lizards
  6 kobolds
  A leopard gecko skeleton (D:5)
  8 rats
100 creatures vanquished.

Notes
Turn   | Place    | Note
-------+----------+-------------------------------------------
     0 | D:1      | Ordine the Gargoyle Fighter began the quest for the Orb.
     0 | D:1      | Reached XP level 1. HP: 14/14 MP: 1/1
   143 | D:1      | Reached XP level 2. HP: 18/19 MP: 2/2
   659 | D:2      | Reached skill level 3 in Maces & Flails
   659 | D:2      | Reached XP level 3. HP: 19/23 MP: 3/3
   796 | D:2      | You fall through a shaft for 2 floors!
   803 | D:4      | HP: 1/23 [worker ant (5)]
   811 | D:4      | Reached XP level 4. HP: 25/28 MP: 4/4
   966 | D:4      | Reached skill level 4 in Maces & Flails
   966 | D:4      | Reached XP level 5. HP: 28/32 MP: 5/5
  1783 | D:3      | Found a runed door.
  1787 | D:3      | Noticed Crazy Yiuf
  1797 | D:3      | Killed Crazy Yiuf
  1993 | D:3      | Reached skill level 5 in Maces & Flails
  2125 | D:4      | Reached XP level 6. HP: 37/37 MP: 6/6
  2168 | D:4      | Found a hazy altar of Hepliaklqana.
  2322 | D:4      | Reached skill level 5 in Shields
  2489 | D:4      | Found a radiant altar of Vehumet.
  2490 | D:4      | Gained mutation: You do not regenerate when monsters are visible. [potion of mutation]
  2490 | D:4      | Lost mutation: You do not regenerate when monsters are visible. [potion of mutation]
  2490 | D:4      | Gained mutation: You are dopey. (Int -2) [potion of mutation]
  2490 | D:4      | Gained mutation: Your muscles are strong. (Str +2) [potion of mutation]
  2597 | D:5      | Entered Level 5 of the Dungeon
  2615 | D:5      | Noticed an orc warrior
  2616 | D:5      | Noticed Blork the orc
  2629 | D:5      | Reached skill level 6 in Maces & Flails
  2630 | D:5      | Reached XP level 7. HP: 38/41 MP: 7/7
  2646 | D:5      | Killed Blork the orc
  2752 | D:5      | Noticed Edmund
  2786 | D:5      | Killed Edmund
  2786 | D:5      | Reached skill level 7 in Maces & Flails
  2847 | D:5      | Found an ornate altar of the Wu Jian Council.
  2856 | D:5      | Noticed Ijyb
  2871 | D:5      | Killed Ijyb
  3152 | D:5      | Reached XP level 8. HP: 30/46 MP: 8/8
  3531 | D:6      | Found a shadowy altar of Dithmenos.
  3571 | D:6      | Reached skill level 8 in Maces & Flails
  3668 | D:6      | Noticed a yak
  3669 | D:6      | Noticed a yak
  3681 | D:6      | Noticed a yak
  3681 | D:6      | Killed a yak
  3682 | D:6      | Noticed a yak
  3682 | D:6      | Noticed a yak
  3692 | D:6      | Killed a yak
  3700 | D:6      | Killed a yak
  3709 | D:6      | Killed a yak
  3709 | D:6      | Reached skill level 9 in Maces & Flails
  3719 | D:6      | HP: 2/46 [yak (4)]
  3720 | D:6      | Slain by a yak

Vault maps used:
D:1:      saegor_arrival_simple_a, minmay_misc_feat_nine_boxes
D:3:      uniq_crazy_yiuf_cottage
D:4:      vehumet_statue, lemuel_crystal_altar
D:5:      old_standard_altar, first_bread, uniq_blork_the_orc, uniq_edmund,
          uniq_ijyb
D:6:      nicolae_overflow_hidden_temple, gammafunk_temple_overflow_elements,
          serial_shops, kennysheep_mini_moat, hex_tiny, lexackson_kobold_supper

Skill      XL: |  1  2  3  4  5  6  7  8 |
---------------+-------------------------+-----
Maces & Flails | 3 4 5 6 7 9 |  9.2
Shields        | 4 5 6 7 |  7.6
Fighting       | |  3.2
Armour         | |  3.2

Action                   |  1- 3 |  4- 6 |  7- 9 || total
-------------------------+-------+-------+-------++-------
Melee: Flail             |   117 |   236 |   168 ||   521
  Use: Scroll            |     6 |     9 |     1 ||    16
       Potion            |     1 |     3 |     2 ||     6
  Eat: Chunk             |       |     6 |     3 ||     9
Armor: Scale mail        |    91 |    11 |       ||   102
       Plate armour      |       |   107 |    98 ||   205
Dodge: Dodged            |    46 |    37 |    25 ||   108
Block: Shield            |    64 |   111 |   107 ||   282
